TOP OF THE 1ST |
University of Georgia Bulldogs batting - Pitching for Arizona State University Sun Devils : RHP Travis Varney
|
Pitching: RHP Travis Varney
|
|
Batting: RHB Nate McCormick
|
0-0: Ground out 6-3 (Groundball, 6, EV 91.2 MPH)
|
Batting: LHB Casey Bass
|
0-0: Foul Ball, location: 2F 0-1: Swinging Strike 0-2: Ball 1-2: Strikes out swinging
|
Batting: LHB Dennis Klein
|
0-0: Ball 1-0: Called Strike 1-1: Fly out, F8 (Flyball, 89M, EV 81.2 MPH)
|
Top of the 1st over - 0 runs, 0 hits, 0 errors, 0 left on base; University of Georgia 0 - Arizona State University 0 |
BOTTOM OF THE 1ST |
Arizona State University Sun Devils batting - Pitching for University of Georgia Bulldogs : RHP Tony Fox
|
Pitching: RHP Tony Fox
|
|
Batting: LHB Eric Russell
|
0-0: Ball 1-0: Fly out, F9 (Flyball, 9D, EV 101.2 MPH)
|
Batting: RHB Rusty Gee
|
0-0: Ball 1-0: Called Strike 1-1: SOLO HOME RUN (Flyball, 7D, EV 95.0 MPH), Distance : 348 ft
|
Batting: SHB Manny Aponte
|
0-0: Ball 1-0: Ball 2-0: Foul Ball, location: 2F 2-1: Foul Ball, location: 2F 2-2: Foul Ball, location: 2F 2-2: SINGLE (Groundball, 6MS, EV 66.2 MPH) (infield hit)
|
Batting: LHB Dustin Gill
|
0-0: Ball 1-0: Ball 2-0: Ball 3-0: Base on Balls Manny Aponte to second
|
Batting: RHB Martin Boyle
|
0-0: Foul Ball, location: 2F 0-1: Grounds into double play, 4-6-3 (Groundball, 13, EV 87.5 MPH)
|
Bottom of the 1st over - 1 run, 2 hits, 0 errors, 1 left on base; University of Georgia 0 - Arizona State University 1 |
TOP OF THE 2ND |
University of Georgia Bulldogs batting - Pitching for Arizona State University Sun Devils : RHP Travis Varney
|
Batting: LHB Sloan Rayner
|
0-0: Foul Ball, location: 2F 0-1: Ball 1-1: SINGLE (Groundball, 34D, EV 100.0 MPH)
|
Batting: LHB Luis Mejia
|
0-0: Foul Ball, location: 2F 0-1: Ball 1-1: Called Strike 1-2: Foul Ball, location: 2F 1-2: Strikes out swinging
|
Batting: RHB Rich Gold
|
0-0: Fielders Choice at 2nd, 4-6 (Groundball, 34, EV 85.6 MPH)
|
Batting: RHB Javier Alcorta
|
0-0: SINGLE (Groundball, 6MD, EV 100.6 MPH) Rich Gold to second
|
Batting: RHB James Warby
|
0-0: Reached on error, E6 (Groundball, 6M, EV 80.6 MPH) Rich Gold to third Javier Alcorta to second
|
Batting: LHB Edwin Zavala
|
0-0: Ball 1-0: Swinging Strike 1-1: Foul Ball, location: 2F 1-2: Strikes out swinging
|
Top of the 2nd over - 0 runs, 2 hits, 1 error, 3 left on base; University of Georgia 0 - Arizona State University 1 |
BOTTOM OF THE 2ND |
Arizona State University Sun Devils batting - Pitching for University of Georgia Bulldogs : RHP Tony Fox
|
Batting: RHB Jun-hyuk Leem
|
0-0: Ground out U3 (Groundball, 34, EV 82.5 MPH)
|
Batting: RHB Carl Evans
|
0-0: Ground out U3 (Groundball, 34S, EV 86.2 MPH)
|
Batting: RHB Stephen Wheeler
|
0-0: Ball 1-0: Called Strike 1-1: Ball 2-1: Ball 3-1: Foul Ball, location: 2F 3-2: Foul Ball, location: 2F 3-2: Base on Balls
|
Batting: LHB Timon Giorgiou
|
0-0: Ball 1-0: Foul Ball, location: 2F 1-1: Ground out U3 (Groundball, 3L, EV 85.6 MPH)
|
Bottom of the 2nd over - 0 runs, 0 hits, 0 errors, 1 left on base; University of Georgia 0 - Arizona State University 1 |
TOP OF THE 3RD |
University of Georgia Bulldogs batting - Pitching for Arizona State University Sun Devils : RHP Travis Varney
|
Batting: RHB Nate McCormick
|
0-0: Ball 1-0: Ball 2-0: Ball 3-0: Called Strike 3-1: TRIPLE (Flyball, 9D, EV 103.1 MPH)
|
Batting: LHB Casey Bass
|
0-0: Called Strike 0-1: SINGLE (Groundball, 3D, EV 109.4 MPH) Nate McCormick scores
|
Batting: LHB Dennis Klein
|
0-0: Called Strike 0-1: Called Strike 0-2: Ball 1-2: Strikes out swinging
|
Batting: LHB Sloan Rayner
|
0-0: Fly out, F7 (Flyball, 78M, EV 90.6 MPH)
|
Batting: LHB Luis Mejia
|
0-0: Foul Ball, location: 2F 0-1: Called Strike 0-2: Strikes out swinging
|
Top of the 3rd over - 1 run, 2 hits, 0 errors, 1 left on base; University of Georgia 1 - Arizona State University 1 |
BOTTOM OF THE 3RD |
Arizona State University Sun Devils batting - Pitching for University of Georgia Bulldogs : RHP Tony Fox
|
Batting: LHB Eric Russell
|
0-0: Ball 1-0: Ground out 4-3 (Groundball, 4, EV 82.5 MPH)
|
Batting: RHB Rusty Gee
|
0-0: Called Strike 0-1: Ball 1-1: Ball 2-1: Ball 3-1: Base on Balls
|
Batting: SHB Manny Aponte
|
0-0: Called Strike Rusty Gee is caught stealing 2nd base 2-6 0-1: Ball 1-1: Called Strike 1-2: Fly out, F8 (Flyball, 8RXD, EV 98.8 MPH)
|
Bottom of the 3rd over - 0 runs, 0 hits, 0 errors, 0 left on base; University of Georgia 1 - Arizona State University 1 |
TOP OF THE 4TH |
University of Georgia Bulldogs batting - Pitching for Arizona State University Sun Devils : RHP Travis Varney
|
Batting: RHB Rich Gold
|
0-0: Ground out 6-3 (Groundball, 56, EV 78.8 MPH)
|
Batting: RHB Javier Alcorta
|
0-0: Called Strike 0-1: Foul Ball, location: 2F 0-2: Strikes out swinging
|
Batting: RHB James Warby
|
0-0: Ball 1-0: Ball 2-0: Ball 3-0: Called Strike 3-1: Base on Balls
|
Batting: LHB Edwin Zavala
|
0-0: Called Strike James Warby is caught stealing 2nd base 2-6
|
Top of the 4th over - 0 runs, 0 hits, 0 errors, 0 left on base; University of Georgia 1 - Arizona State University 1 |
BOTTOM OF THE 4TH |
Arizona State University Sun Devils batting - Pitching for University of Georgia Bulldogs : RHP Tony Fox
|
Batting: LHB Dustin Gill
|
0-0: Foul Ball, location: 2F 0-1: Ground out 6-3 (Groundball, 6, EV 86.2 MPH)
|
Batting: RHB Martin Boyle
|
0-0: SINGLE (Groundball, 6D, EV 95.0 MPH)
|
Batting: RHB Jun-hyuk Leem
|
0-0: Ball 1-0: Called Strike Martin Boyle steals 2nd base 1-1: Called Strike 1-2: Strikes out swinging
|
Batting: RHB Carl Evans
|
0-0: Foul Ball, location: 2F 0-1: Called Strike 0-2: Ball 1-2: Foul Ball, location: 2F 1-2: Ball 2-2: Strikes out swinging
|
Bottom of the 4th over - 0 runs, 1 hit, 0 errors, 1 left on base; University of Georgia 1 - Arizona State University 1 |
TOP OF THE 5TH |
University of Georgia Bulldogs batting - Pitching for Arizona State University Sun Devils : RHP Travis Varney
|
Batting: LHB Edwin Zavala
|
0-0: Called Strike 0-1: Ball 1-1: Foul Ball, location: 2F 1-2: Strikes out swinging
|
Batting: RHB Nate McCormick
|
0-0: Ball 1-0: Ball 2-0: Ball 3-0: Called Strike 3-1: Fly out, F8 (Flyball, 8LXD, EV 105.0 MPH)
|
Batting: LHB Casey Bass
|
0-0: Called Strike 0-1: Foul Ball, location: 2F 0-2: Strikes out looking
|
Top of the 5th over - 0 runs, 0 hits, 0 errors, 0 left on base; University of Georgia 1 - Arizona State University 1 |
BOTTOM OF THE 5TH |
Arizona State University Sun Devils batting - Pitching for University of Georgia Bulldogs : RHP Tony Fox
|
Pitching: RHP Li-zhu Liu
|
|
Batting: RHB Stephen Wheeler
|
0-0: Ball 1-0: Foul Ball, location: 2F 1-1: Foul Ball, location: 2F 1-2: Foul Ball, location: 2F 1-2: Foul Ball, location: 2F 1-2: Ground out 6-3 (Groundball, 6, EV 84.4 MPH)
|
Batting: LHB Timon Giorgiou
|
0-0: Ball 1-0: Called Strike 1-1: Ball 2-1: Foul Ball, location: 2F 2-2: Strikes out looking
|
Batting: LHB Eric Russell
|
0-0: Foul Ball, location: 2F 0-1: Ball 1-1: Foul Ball, location: 2F 1-2: Ball 2-2: Foul Ball, location: 2F 2-2: Ball 3-2: Ground out U3 (Groundball, 34, EV 89.4 MPH)
|
Bottom of the 5th over - 0 runs, 0 hits, 0 errors, 0 left on base; University of Georgia 1 - Arizona State University 1 |
TOP OF THE 6TH |
University of Georgia Bulldogs batting - Pitching for Arizona State University Sun Devils : RHP Travis Varney
|
Batting: LHB Dennis Klein
|
0-0: Called Strike 0-1: Ball 1-1: Ball 2-1: Called Strike 2-2: Ball 3-2: Base on Balls
|
Batting: LHB Sloan Rayner
|
0-0: SINGLE (Groundball, 4D, EV 110.6 MPH) Dennis Klein to second Runner from 2nd tries for 3rd, SAFE, no throw by CF
|
Batting: LHB Luis Mejia
|
0-0: Foul Ball, location: 2F 0-1: Ball 1-1: Called Strike Sloan Rayner steals 2nd base 1-2: Foul Ball, location: 2F 1-2: Ground out 3-1 (Groundball, 3L, EV 83.8 MPH)
|
Batting: RHB Rich Gold
|
0-0: Ball 1-0: Ball 2-0: SINGLE (Groundball, 6M, EV 95.0 MPH) Dennis Klein scores Sloan Rayner to third
|
Pitching: LHP Adam Distasio
|
|
Batting: RHB Javier Alcorta
|
0-0: Swinging Strike 0-1: Ball 1-1: Foul Ball, location: 2F 1-2: Strikes out swinging
|
Batting: RHB James Warby
|
0-0: Fly out, F7 (Line Drive, 7, EV 94.4 MPH)
|
Top of the 6th over - 1 run, 2 hits, 0 errors, 2 left on base; University of Georgia 2 - Arizona State University 1 |
BOTTOM OF THE 6TH |
Arizona State University Sun Devils batting - Pitching for University of Georgia Bulldogs : RHP Li-zhu Liu
|
Batting: RHB Rusty Gee
|
0-0: Ball 1-0: Ball 2-0: Called Strike 2-1: SINGLE (Line Drive, 34D, EV 97.5 MPH)
|
Batting: SHB Manny Aponte
|
0-0: Called Strike 0-1: Ball 1-1: Called Strike 1-2: Ball Rusty Gee is caught stealing 2nd base 2-6 2-2: Foul Ball, location: 2F 2-2: Fly out, F7 (Flyball, 78S, EV 85.6 MPH)
|
Batting: LHB Dustin Gill
|
0-0: Ball 1-0: Ground out 5-3 (Groundball, 5S, EV 80.6 MPH)
|
Bottom of the 6th over - 0 runs, 1 hit, 0 errors, 0 left on base; University of Georgia 2 - Arizona State University 1 |
TOP OF THE 7TH |
University of Georgia Bulldogs batting - Pitching for Arizona State University Sun Devils : LHP Adam Distasio
|
Batting: LHB Edwin Zavala
|
0-0: Ball 1-0: Called Strike 1-1: Ball 2-1: Foul Ball, location: 2F 2-2: Strikes out swinging
|
Batting: RHB Nate McCormick
|
0-0: Called Strike 0-1: Ball 1-1: Ball 2-1: Ground out U3 (Groundball, 3S, EV 87.5 MPH)
|
Batting: LHB Casey Bass
|
0-0: Fly out, F9 (Flyball, 9LM, EV 85.6 MPH)
|
Top of the 7th over - 0 runs, 0 hits, 0 errors, 0 left on base; University of Georgia 2 - Arizona State University 1 |
BOTTOM OF THE 7TH |
Arizona State University Sun Devils batting - Pitching for University of Georgia Bulldogs : RHP Li-zhu Liu
|
Pitching: RHP Jesse Moritz
|
|
Batting: RHB Martin Boyle
|
0-0: Called Strike 0-1: Swinging Strike 0-2: Strikes out looking
|
Batting: RHB Jun-hyuk Leem
|
0-0: Reached via error on a dropped throw from SS, E3 (Groundball, 56, EV 85.6 MPH)
|
Batting: RHB Carl Evans
|
0-0: Ball 1-0: Called Strike 1-1: Grounds into double play, 6-4-3 (Groundball, 6, EV 88.8 MPH)
|
Bottom of the 7th over - 0 runs, 0 hits, 1 error, 0 left on base; University of Georgia 2 - Arizona State University 1 |
TOP OF THE 8TH |
University of Georgia Bulldogs batting - Pitching for Arizona State University Sun Devils : LHP Adam Distasio
|
Batting: LHB Dennis Klein
|
0-0: Called Strike 0-1: Foul Ball, location: 2F 0-2: Strikes out swinging
|
Batting: LHB Sloan Rayner
|
0-0: Foul Ball, location: 2F 0-1: Called Strike 0-2: Ground out 6-3 (Groundball, 6S, EV 84.4 MPH)
|
Batting: LHB Luis Mejia
|
0-0: Called Strike 0-1: Ball 1-1: Called Strike 1-2: Ball 2-2: Fly out, F9 (Flyball, 89S, EV 86.2 MPH)
|
Top of the 8th over - 0 runs, 0 hits, 0 errors, 0 left on base; University of Georgia 2 - Arizona State University 1 |
BOTTOM OF THE 8TH |
Arizona State University Sun Devils batting - Pitching for University of Georgia Bulldogs : RHP Jesse Moritz
|
Batting: RHB Stephen Wheeler
|
0-0: Ball 1-0: Swinging Strike 1-1: Foul Ball, location: 2F 1-2: Ground out 4-3 (Groundball, 4D, EV 95.6 MPH)
|
Batting: LHB Timon Giorgiou
|
0-0: Ball 1-0: Called Strike 1-1: Ball 2-1: Called Strike 2-2: Strikes out looking
|
Batting: LHB Eric Russell
|
0-0: Called Strike 0-1: Foul Ball, location: 2F 0-2: Foul Ball, location: 2F 0-2: Ball 1-2: Ball 2-2: Fly out, F6 (Popup, 6, EV 61.2 MPH)
|
Bottom of the 8th over - 0 runs, 0 hits, 0 errors, 0 left on base; University of Georgia 2 - Arizona State University 1 |
TOP OF THE 9TH |
University of Georgia Bulldogs batting - Pitching for Arizona State University Sun Devils : LHP Adam Distasio
|
Pitching: LHP T.J. Conner
|
|
Batting: RHB Charlie Davison
|
0-0: Ground out 4-3 (Groundball, 4, EV 92.5 MPH)
|
Batting: RHB Javier Alcorta
|
0-0: Ball 1-0: Ball 2-0: Ball 3-0: Base on Balls
|
Batting: RHB James Warby
|
0-0: Ball 1-0: Ball 2-0: Called Strike 2-1: 2-RUN HOME RUN (Flyball, 78XD, EV 95.6 MPH), Distance : 370 ft
|
Batting: LHB Edwin Zavala
|
0-0: Ball 1-0: Called Strike 1-1: Called Strike 1-2: Ball 2-2: Strikes out swinging
|
Batting: RHB Nate McCormick
|
0-0: Ball 1-0: Ball 2-0: Called Strike 2-1: Called Strike 2-2: Foul Ball, location: 2F 2-2: Strikes out looking
|
Top of the 9th over - 2 runs, 1 hit, 0 errors, 0 left on base; University of Georgia 4 - Arizona State University 1 |
BOTTOM OF THE 9TH |
Arizona State University Sun Devils batting - Pitching for University of Georgia Bulldogs : RHP Jesse Moritz
|
Pitching: RHP Bill Maher
|
|
Batting: RHB Rusty Gee
|
0-0: Called Strike 0-1: Ball 1-1: Ball 2-1: Foul Ball, location: 2F 2-2: Ball 3-2: Ground out 6-3 (Groundball, 6, EV 78.8 MPH)
|
Batting: SHB Manny Aponte
|
0-0: Swinging Strike 0-1: Called Strike 0-2: Foul Ball, location: 2F 0-2: Foul Ball, location: 2F 0-2: Ball 1-2: Ball 2-2: Fly out, F6 (Popup, 6, EV 51.2 MPH)
|
Batting: LHB Dustin Gill
|
0-0: Ball 1-0: Ball 2-0: Called Strike 2-1: Foul Ball, location: 2F 2-2: Ground out U3 (Groundball, 34S, EV 91.2 MPH)
|
Bottom of the 9th over - 0 runs, 0 hits, 0 errors, 0 left on base; University of Georgia 4 - Arizona State University 1 |
|